AoeStats
← dario_def

African Clearing

510460916Analyzed
4v4 RM · 2d ago on Oct 1, 2026· 42m 46s· 8 players
Game mode
Random Map
Map size
Large (8 player)
Population
200
Speed
Normal
Resources
Standard
Victory
Conquest
Starting age
Dark Age
Ending age
Imperial Age
RankedLock teamsTeams togetherTeam positionsShared explorationLock speedFull tech treeHidden civsTurbo modeCheats
Victory
Defeat
🇲🇽 Varangians · Mexico
1646
+6
🇦🇷 Magyars · Argentina
1325
+18
🇲🇽 Persians · Mexico
1309
+19
🇨🇴 Mongols · Colombia
1286
+19
🇨🇳 Sicilians · China
1406
-17
🇨🇳 Huns · China
1381
-16
🇺🇸 Turks · United States
1376
-15
🇵🇦 Mongols · Panama
1345
-14
HeyBro
11:29 Loom
13:22 Feudal Age
17:36 Castle Age
16:27 Stone Mining
17:26 Gold Mining
18:11 Double-Bit Axe
28:12 Wheelbarrow
29:38 Padded Archer Armor
36:25 Fletching
41:20 Imperial Age
39:22 Leather Archer Armor
40:16 Bow Saw
40:37 Hand Cart
42:44 Ring Archer Armor
TheBrian
4:50 Loom
12:43 Feudal Age
20:16 Castle Age
18:54 Horse Collar
23:25 Husbandry
24:46 Gold Mining
31:39 Double-Bit Axe
34:16 Scale Mail Armor
35:39 Bow Saw
36:46 Scale Barding Armor
36:57 Chain Mail Armor
37:42 Wheelbarrow
38:35 Chain Barding Armor
39:16 Hand Cart
40:47 Town Watch
44:04 Imperial Age
41:37 Heavy Plow
41:36 Light Cavalry
42:27 Bloodlines
42:30 Forging
帝国新手
3:32 Loom
13:23 Feudal Age
14:10 Double-Bit Axe
14:39 Stone Mining
17:49 Scale Mail Armor
25:13 Castle Age
24:32 Forging
24:19 Fletching
25:11 Padded Archer Armor
25:49 Bodkin Arrow
27:00 Gold Mining
28:23 Chain Mail Armor
27:54 Pikeman
31:14 Bow Saw
32:28 Town Watch
34:11 Wheelbarrow
36:04 Iron Casting
38:21 Ballistics
38:51 Murder Holes
44:24 Imperial Age
42:11 Hand Cart
Anil
13:23 Feudal Age
18:32 Castle Age
17:15 Double-Bit Axe
18:12 Fletching
18:50 Horse Collar
21:07 Ballistics
21:57 Padded Archer Armor
22:49 Loom
24:54 Bodkin Arrow
30:42 Bow Saw
32:49 Wheelbarrow
32:00 Town Watch
39:08 Thumb Ring
39:37 Heavy Plow
40:09 Hand Cart
39:56 Gold Mining
43:58 Imperial Age
42:39 Scale Mail Armor
42:50 Forging
42:15 Pikeman
42:56 Squires
42:42 Arson
[SotC] Memowolf
5:36 Loom
12:02 Feudal Age
13:10 Double-Bit Axe
17:28 Castle Age
16:29 Scale Barding Armor
17:28 Bloodlines
20:05 Forging
23:31 Chain Barding Armor
27:05 Iron Casting
27:51 Husbandry
36:03 Wheelbarrow
37:22 Gold Mining
38:06 Bow Saw
37:59 Horse Collar
41:49 Imperial Age
42:00 Heavy Plow
41:34 Cavalier
42:16 Fletching
[SotC] Spirit
7:47 Loom
12:18 Feudal Age
13:11 Double-Bit Axe
15:10 Scale Barding Armor
15:20 Horse Collar
18:04 Forging
18:23 Bloodlines
21:10 Wheelbarrow
23:55 Castle Age
24:27 Gold Mining
24:16 Light Cavalry
24:56 Husbandry
25:18 Chain Barding Armor
25:40 Bow Saw
36:44 Heavy Plow
37:35 Hand Cart
39:54 Town Watch
43:16 Imperial Age
40:47 Stone Mining
41:14 Fletching
42:02 Iron Casting
41:02 Vendel Legacy
dario_def
12:43 Feudal Age
14:12 Double-Bit Axe
14:19 Loom
19:17 Castle Age
17:33 Gold Mining
19:01 Bloodlines
18:58 Scale Barding Armor
21:42 Padded Archer Armor
21:56 Husbandry
22:30 Town Watch
23:27 Horse Collar
25:38 Fletching
27:27 Bodkin Arrow
28:22 Thumb Ring
28:33 Leather Archer Armor
30:00 Wheelbarrow
30:38 Heavy Plow
32:37 Ballistics
33:41 Hand Cart
38:39 Imperial Age
39:51 Parthian Tactics
40:40 Chemistry
40:22 Bracer
42:46 Ring Archer Armor
[SotC] Maxeld
9:37 Loom
12:21 Feudal Age
14:14 Fletching
17:57 Town Watch
20:50 Wheelbarrow
26:16 Castle Age
25:29 Double-Bit Axe
27:16 Bodkin Arrow
27:46 Padded Archer Armor
29:31 Hand Cart
30:50 Hand Cart
34:59 Stone Mining
35:57 Double-Bit Axe
35:53 Horse Collar
36:29 Gold Mining
36:59 Bow Saw
36:54 Heavy Plow
39:16 Gold Mining
42:44 Leather Archer Armor
Connection lost

Rejoining the realm…

Still unreachable

The connection could not be restored.

Session expired

The server has moved on; the page needs a fresh start.